 Dungeon Crawl Stone Soup version 0.31-a0-846-gb3bcc0d938 (webtiles) character file.

Game seed: 14917297745840616797

15799 D12ThenQuit the Spear-Bearer (level 12, 100/100 HPs)
             Began as a Human Gladiator on Oct 2, 2023.
             Was an Initiate of Gozag.
             Got out of the dungeon alive.
             The game lasted 00:36:02 (16082 turns).

D12ThenQuit the Spear-Bearer (Human Gladiator)     Turns: 16082, Time: 00:36:02

Health: 100/100    AC:  6    Str: 22    XL:     12   Next: 62%
Magic:  12/12      EV: 16    Int:  8    God:    Gozag
Gold:   99         SH:  0    Dex: 15    Spells: 11/11 levels left

rFire   . . .        O - +7 halberd "Oruxtoly" {drain, +Blink rCorr Str+2 SInv}
rCold   . . .        (shield currently unavailable)
rNeg    + . .        r - +0 leather armour
rPois   .            c - +0 helmet
rElec   .            k - +0 cloak
rCorr   +            (no gloves)
SInv    +            v - +0 pair of boots
Will    .....        (no amulet)
Stlth   +            B - ring of positive energy
HPRegen 0.36/turn    (no ring)
MPRegen 0.13/turn

%: no passive effects
@: no status effects
A: no striking features
a: Renounce Religion, Evoke Blink, Potion Petition, Call Merchant, Bribe Branch


You escaped.
You worshipped Gozag.
Gozag was noncommittal.
You visited 2 branches of the dungeon, and saw 14 of its levels.

You collected 1947 gold pieces.
You spent 1123 gold pieces at shops.
You paid 725 gold pieces to Gozag.

Inventory:

Hand Weapons
 a - a +0 halberd
 b - a +0 sling of flaming
 o - a +1 dagger of venom
 t - a +0 trident
 u - a +2 falchion of holy wrath
 y - a +3 whip of electrocution
 G - a +5 flail
 K - a +5 quarterstaff of distortion
 O - the +7 halberd "Oruxtoly" (weapon) {drain, +Blink rCorr Str+2 SInv}
   (You bought it in a shop on level 10 of the Dungeon)

   Str+2:     It affects your strength (+2).
   SInv:      It lets you see invisible.
   +Blink:    It lets you blink.
   rCorr:     It protects you from acid and corrosion.
Missiles
 d - a throwing net
 e - 5 javelins
 H - 11 poisoned darts (quivered)
Armour
 c - a +0 helmet (worn)
 k - a +0 cloak (worn)
 r - a +0 leather armour (worn)
 v - a +0 pair of boots (worn)
Jewellery
 f - a ring of magical power
 l - a ring of wizardry
 B - a ring of positive energy (left hand)
Wands
 s - a wand of roots (3)
 F - a wand of mindburst (16)
 J - a wand of flame (33)
Scrolls
 h - 2 scrolls of enchant weapon
 i - 2 scrolls of revelation
 m - 4 scrolls of teleportation
 n - 2 scrolls of fear
 p - a scroll of noise
 q - 4 scrolls of fog
 C - 2 scrolls of amnesia
 D - a scroll of summoning
 I - a scroll of poison
 P - 2 scrolls of enchant armour {unknown}
 Q - a scroll of identify
Potions
 g - 3 potions of attraction
 j - 4 potions of curing
 w - 2 potions of might
 x - 2 potions of degeneration
 z - 2 potions of haste
 A - a potion of enlightenment
 E - 3 potions of berserk rage
 L - a potion of brilliance
 M - a potion of invisibility
 N - a potion of mutation {unknown}


   Skills:
 - Level 11.0 Fighting
 + Level 11.7(12.3) Polearms
 - Level 6.0(9.7) Staves
 - Level 2.0 Throwing
 - Level 9.8 Dodging
 - Level 5.0 Evocations


You had 11 spell levels left.
You didn't know any spells.
Your spell library contained the following spells:

 Spells                   Type           Power      Damage    Failure   Level
 Necrotise                Necr           0%         1d4       45%         1
 Slow                     Hex            0%         N/A       45%         1
 Summon Small Mammal      Summ           0%         N/A       45%         1
 Blink                    Tloc           0%         N/A       58%         2
 Ensorcelled Hibernation  Hex/Ice        0%         N/A       58%         2
 Lesser Beckoning         Tloc           0%         N/A       58%         2
 Momentum Strike          Conj/Tloc      0%         3d8       58%         2
 Passwall                 Tmut/Erth      0%         N/A       58%         2
 Call Canine Familiar     Summ           0%         N/A       83%         3
 Confusing Touch          Hex            0%         N/A       83%         3
 Sigil of Binding         Hex            0%         N/A       83%         3
 Summon Guardian Golem    Hex/Summ       0%         N/A       83%         3
 Swiftness                Air            0%         N/A       83%         3
 Vampiric Draining        Necr           0%         2d6       83%         3
 Summon Ice Beast         Ice/Summ       0%         N/A       99%         4
 Agony                    Necr           0%         N/A       100%        5
 Summon Mana Viper        Hex/Summ       0%         N/A       100%        5
 Monstrous Menagerie      Summ           0%         N/A       100%        7


Dungeon Overview and Level Annotations

Branches:
Dungeon (13/15)            Temple (1/1) D:5             Orc (0/2) D:11
   Lair: D:8-11      Vaults: D:13-14

Altars:
Ashenzari
Cheibriados
Dithmenos
Elyvilon
Fedhas
Gozag
Hepliaklqana
Kikubaaqudgha
Makhleb
Nemelex Xobeh
Okawaru
Qazlal
Ru
Sif Muna
Trog
Uskayaw
Vehumet
Wu Jian
Xom
Yredelemnul
Zin
The Shining One

Shops:
D:7 :   D:8 :   D:10 (

Annotations:
D:9 Erolcha, Maggie
D:11 1 runed translucent door


Message History

There is a stone staircase leading up here.
You climb upwards.
Level annotation: Erolcha, Maggie
There is a stone staircase leading down here.
There is an open door here.
There is a stone staircase leading up here.
You climb upwards.
There is a stone staircase leading down here.
There is an open door here.
Things that are here:
a +0 leather armour; a +5 hand axe
There is a stone staircase leading up, spattered with blood here.
You climb upwards.
There is a stone staircase leading down here.
There is an escape hatch in the ceiling, spattered with blood here.
A mysterious force pulls you upwards. The hatch slams shut behind you.
There is an open door here.
You see here a +0 short sword.
There is a stone staircase leading up, spattered with blood here.
You climb upwards.
There is a stone staircase leading down here.
Things that are here:
a +0 club; a +0 dagger
There is a stone staircase leading up here.
You climb upwards.
There is a stone staircase leading down here.
There is a stone staircase leading up here.
You climb upwards.
There is a stone staircase leading down here.
There is a stone staircase leading up here.
You climb upwards.
There is a stone staircase leading down here.
There is a stone staircase leading up here.
You climb upwards.
There is a stone staircase leading down here.
There is an open door, spattered with blood here.
You see here a +0 dagger.
You see here a +0 short sword.
There is a staircase leading out of the dungeon here.
You have escaped!

)#
#.≈≈(§§.#..........#
.#
#.≈§>§≈§#.######..##
.# #.≈≈(≈≈.#.# #...#
.# #.§≈≈≈≈.#.# #.#.##
.#
#..≈≈≈..#.######.....
.#
#.......#......#.....
##
#.......######.#..#8#
#.......# #....###
##..@..## #......#
####### #......#
#....... #..##...
####.......
#....####.. #.###.#
#..
###############.....#
##.
#...................#
#.


There were no monsters in sight!

Vanquished Creatures
  A centaur warrior (D:11)
  2 two-headed ogres (D:11)
  A boulder beetle (D:10)
  A tengu warrior (D:12)
  Pikel (D:7)
  A cyclops (D:11)
  2 manticores
  Joseph (D:8)
  3 gargoyles
  2 kobold demonologists
  An unseen horror (D:10)
  Psyche (D:9)
  3 trolls
  A hornet (D:6)
  7 yaks
  3 wraiths
  A basilisk (D:11)
  A steam dragon (D:8)
  3 vampire mosquitoes (D:12)
  2 acid dragons
  Duvessa (D:7)
  3 sky beasts
  A black bear (D:6)
  An ice beast (D:7)
  3 orc warriors
  An ogre (D:6)
  5 centaurs
  3 kobold brigands
  3 bullfrogs
  A gnoll sergeant (D:12)
  9 scorpions
  9 wights
  Dowan (D:7)
  4 killer bees
  3 howler monkeys
  A hound (D:5)
  3 jellies
  6 orc priests
  A sleepcap (D:5)
  4 iguanas
  8 orc wizards
  8 gnolls (D:2)
  6 adders
  2 shadow imps
  2 ufetubi
  A worm (D:2)
  3 dart slugs
  45 orcs
  9 ball pythons
  10 endoplasms
  5 giant cockroaches
  6 goblins
  9 hobgoblins
  4 jackals
  5 quokkas
  7 bats
  5 frilled lizards
  23 kobolds
  8 rats
267 creatures vanquished.

Notes
Turn   | Place    | Note
-------+----------+-------------------------------------------
     0 | D:1      | D12ThenQuit the Human Gladiator began the quest for the
                  | Orb.
     0 | D:1      | Reached XP level 1. HP: 16/16 MP: 1/1
    93 | D:1      | Reached XP level 2. HP: 16/22 MP: 2/2
   623 | D:1      | Reached XP level 3. HP: 25/27 MP: 3/3
  1404 | D:2      | Reached XP level 4. HP: 28/35 MP: 4/4
  1743 | D:2      | Reached XP level 5. HP: 17/41 MP: 5/5
  2067 | D:2      | You fall into a shaft and drop 1 floor!
  2831 | D:2      | Reached XP level 6. HP: 35/50 MP: 6/6
  3141 | D:3      | Reached skill level 5 in Fighting
  3385 | D:3      | Found a faded altar of an unknown god.
  4466 | D:5      | Entered Level 5 of the Dungeon
  4584 | D:5      | Found a hide-covered altar of Uskayaw.
  4595 | D:5      | Reached XP level 7. HP: 50/57 MP: 7/7
  4783 | D:5      | Found a staircase to the Ecumenical Temple.
  4861 | Temple   | Entered the Ecumenical Temple
  4879 | Temple   | Became a worshipper of Gozag Ym Sagoz the Greedy
  5415 | D:6      | Noticed a hornet
  5559 | D:5      | Reached XP level 8. HP: 38/65 MP: 8/8
  5719 | D:6      | Killed a hornet
  5720 | D:6      | Reached skill level 5 in Dodging
  5843 | D:6      | Found a glowing golden altar of the Shining One.
  6822 | D:7      | Noticed Duvessa
  6822 | D:7      | Noticed Dowan
  6841 | D:7      | Reached XP level 9. HP: 52/74 MP: 9/9
  6854 | D:7      | Killed Duvessa
  6860 | D:7      | Killed Dowan
  7183 | D:7      | Found Jimmaury's Book Shop.
  7455 | D:7      | Found a runed translucent door.
  7458 | D:7      | Noticed Pikel
  7474 | D:7      | Found a runed translucent door.
  8512 | D:5      | Found an ancient bone altar of Kikubaaqudgha.
  8512 | D:5      | Found a shimmering blue altar of Sif Muna.
  8664 | D:7      | Killed Pikel
  8665 | D:7      | Reached skill level 10 in Fighting
  8665 | D:7      | Reached XP level 10. HP: 57/85 MP: 10/10
  9567 | D:8      | Found Wirch's Book Shop.
  9567 | D:8      | Noticed Joseph
  9611 | D:8      | Killed Joseph
 10134 | D:9      | Noticed Psyche
 10157 | D:9      | Killed Psyche
 10218 | D:9      | Noticed Maggie
 10367 | D:9      | Noticed Erolcha
 10445 | D:10     | Entered Level 10 of the Dungeon
 10642 | D:10     | Noticed a boulder beetle
 10657 | D:10     | Killed a boulder beetle
 10658 | D:10     | Reached skill level 5 in Evocations
 10669 | D:10     | Reached skill level 1 in Staves
 10765 | D:10     | Reached XP level 11. HP: 67/93 MP: 11/11
 11040 | D:10     | Reached skill level 5 in Staves
 11672 | D:11     | Noticed a two-headed ogre
 11900 | D:11     | Reached skill level 5 in Polearms
 12047 | D:11     | Found a runed translucent door.
 12140 | D:11     | Noticed a two-headed ogre
 12158 | D:11     | Killed a two-headed ogre
 12790 | D:11     | Killed a two-headed ogre
 12802 | D:11     | Found a runed translucent door.
 12880 | D:11     | Noticed a two-headed ogre
 12880 | D:11     | Noticed a two-headed ogre
 12986 | D:11     | Found a staircase to the Orcish Mines.
 13012 | D:11     | Noticed a two-headed ogre
 13030 | D:11     | Banished a two-headed ogre
 13335 | D:11     | Reached XP level 12. HP: 95/100 MP: 12/12
 13636 | D:11     | Noticed a tengu warrior
 13690 | D:11     | Noticed a tengu warrior
 13862 | D:12     | Noticed a two-headed ogre
 13884 | D:12     | Banished a two-headed ogre
 14028 | D:12     | Noticed a centaur warrior
 14034 | D:12     | Banished a centaur warrior
 14035 | D:12     | Reached skill level 10 in Polearms
 14475 | D:12     | Noticed a tengu warrior
 14779 | D:12     | Killed a tengu warrior
 14970 | D:10     | Bought the +7 halberd "Oruxtoly" {drain, +Blink rCorr Str+2
                  | SInv} for 1123 gold pieces
 15046 | D:11     | Noticed a centaur warrior
 15065 | D:11     | Killed a centaur warrior
 15702 | D:13     | Noticed a catoblepas
 15820 | D:12     | Upgraded the game from 0.31-a0-845-g9abc20d24f to
                  | 0.31-a0-846-gb3bcc0d938
 16082 | D:$      | Got out of the dungeon alive.

Illustrated notes

Levels and vault maps discovered:
D:1:      lemuel_arrival_lava_pool, layout_basic, serial_corexii_hall,
          chequers_hall_statues_corner_a, chequers_hall_statues_wall_a,
          minmay_tetromino_t2
D:2:      cheibrodos_fertilizer, layout_loops_cross
D:3:      layout_basic, dreamdust_ecumenical_altar_sealed_demon,
          serial_park_tiny_1
D:4:      nicolae_cairo_tiling, layout_cave_pools, bh_walls_and_bars
D:5:      layout_rooms, nicolae_overflow_hidden_temple,
          minmay_temple_entry_large_hall
D:6:      layout_basic, mainiacjoe_overflow_cross_hatched
D:7:      lemuel_insect_pit, layout_loops_ring, serial_shops, shop,
          kennysheep_generic_room_3, uniq_pikel, uniq_duvessa
D:8:      cheibrodos_iron_armory, layout_gridville, serial_shops,
          nicolae_diamond_shop, uniq_joseph
D:9:      layout_gridville, david_lair_shrubbed, lightli_church_of_beogh,
          uniq_maggie, uniq_psyche, uniq_erolcha
D:10:     layout_basic
D:11:     cheibrodos_histonic, layout_loops_ring, minmay_orc_entry_temple_small
D:12:     minmay_inside_and_out, layout_loops_ring, minmay_liquid_box
D:13:     layout_cave_pools, david_vaults_1
Temple:   mainiacjoe_temple_bowtie_tessellation

Skill      XL: |  1  2  3  4  5  6  7  8  9 10 11 12 |
---------------+-------------------------------------+-----
Polearms       | 4 8 11 | 11.7
Fighting       | 3 4 5 6 8 10 11 | 11.0
Dodging        | 4 6 8 9 |  9.8
Evocations     | 5 |  5.0
Staves         | 2 6 |  6.0
Throwing       | |  2.0

Action                     |  1- 3 |  4- 6 |  7- 9 | 10-12 || total
---------------------------+-------+-------+-------+-------++-------
  Melee: Trident           |   117 |    13 |       |       ||   130
         Halberd           |       |    61 |    32 |    84 ||   177
         Dagger            |       |    89 |   280 |    75 ||   444
         Punch             |       |     1 |     6 |     2 ||     9
         Whip              |       |       |    21 |       ||    21
         Quarterstaff      |       |       |       |   251 ||   251
   Fire: Sling             |       |    78 |     4 |       ||    82
  Throw: Throwing net      |       |       |     5 |       ||     5
         Dart              |       |       |     1 |     9 ||    10
 Invoke: Call Merchant     |       |       |       |     1 ||     1
  Evoke: Wand              |       |     3 |       |    12 ||    15
    Use: Scroll            |     1 |       |    11 |     6 ||    18
         Potion            |     1 |       |     3 |     1 ||     5
   Stab: Sleeping          |     2 |     4 |       |       ||     6
         Distracted        |       |       |     2 |       ||     2
 Armour: Leather armour    |    56 |   127 |   195 |   244 ||   622
         Skin              |       |       |       |     1 ||     1
  Dodge: Dodged            |    60 |   122 |   250 |   338 ||   770

Table legend: (Time is in decaauts)
 A = Elapsed time spent in this place.
 B = Non-inter-level travel time spent in this place.
 C = Inter-level travel time spent in this place.
 D = Time resting spent in this place.
 E = Time spent auto-exploring this place.
 F = Levels seen in this place.
 G = Mean time per level.
                   A        B        C        D        E       F      G
               +--------+--------+--------+--------+--------+-----+--------+
         Total |  16190 |  14880 |   1310 |   4443 |   6350 |  14 | 1156.4 |
       Dungeon |  16155 |  14878 |   1277 |   4443 |   6350 |  13 | 1242.7 |
        Temple |     35 |      2 |     33 |      0 |      0 |   1 |   35.0 |
               +--------+--------+--------+--------+--------+-----+--------+

Top non-repeatable levels by time:
    D:11: 2209 daAuts
     D:7: 1846 daAuts
    D:10: 1747 daAuts
     D:1: 1628 daAuts
     D:6: 1520 daAuts
    D:12: 1483 daAuts
     D:5: 1282 daAuts
     D:3: 1208 daAuts
     D:2: 1119 daAuts
     D:8: 961 daAuts
     D:4: 771 daAuts
     D:9: 371 daAuts
  Temple: 35 daAuts
    D:13: 6 daAuts
